 Dungeon Crawl Stone Soup version 0.21-a0-591-g2314aa1 (webtiles) character file.

394 Amnesiac the Chucker (level 6, 0/97 HPs)
             Began as an Ogre Arcane Marksman on Dec 22, 2017.
             Was a Follower of Okawaru.
             Succumbed to Crazy Yiuf's poison
             ... on level 2 of the Dungeon.
             The game lasted 00:04:18 (2597 turns).

Amnesiac the Chucker (Ogre Arcane Marksman)         Turns: 2597, Time: 00:04:18

Health: 0/97       AC: 23    Str: 15    XL:     6   Next: 82%
Magic:  9/9        EV:  1    Int: 13    God:    Okawaru [*.....]
Gold:   90         SH:  0    Dex: 17    Spells: 3/9 levels left

rFire    . . .     SeeInvis .   i - +2 dagger (venom)
rCold    . . .     Gourm    .   (no shield)
rNeg     + + +     Faith    .   (armour currently unavailable)
rPois    +         Spirit   .   (helmet currently unavailable)
rElec    .         Reflect  .   (cloak currently unavailable)
rCorr    .         Harm     .   (gloves unavailable)
MR       .....     NoTele   +   (boots unavailable)
Stlth    +++.......             (no amulet)
HPRegen  0.26/turn              n - ring of flight
MPRegen  0.11/turn              (no ring)

@: agile, lethally poisoned (0 -> -4), tree-form
A: large, unfitting armour, agile 1, dopey 1, inhibited regeneration
a: Heroism, Renounce Religion


You were on level 2 of the Dungeon.
You worshipped Okawaru.
Okawaru was aware of your devotion.
You were hungry.
You were a tree.
You visited 1 branch of the dungeon, and saw 2 of its levels.

You collected 90 gold pieces.

Inventory:

Hand Weapons
 i - a +2 dagger of venom (weapon)
Missiles
 c - 3 large rocks (quivered)
 d - 2 throwing nets
 j - 29 stones
 l - 17 poisoned needles
Armour
 a - a +0 robe (melded)
Jewellery
 n - a ring of flight (left branch)
Scrolls
 e - a scroll of identify {!r}
 q - a scroll of random uselessness {!r, unknown}
 s - a scroll of enchant armour {!r, unknown}
 t - a scroll of fear {!r}
Potions
 h - 2 potions of agility {!q}
 p - a potion of mutation {!q}
 r - 2 potions of invisibility {!q}
Books
 b - a book of Debilitation

   Spells                             Type                      Level
   a - Corona                         Hexes                        1
   b - Slow                           Hexes                        2
   c - Inner Flame                    Hexes/Fire                   3
   d - Portal Projectile              Hexes/Translocation          3
   e - Cause Fear                     Hexes                        4
   f - Leda's Liquefaction            Hexes/Earth                  4
Comestibles
 f - 2 rations


   Skills:
 + Level 4.9 Fighting
 * Level 5.5 Throwing
 - Level 1.7 Dodging
 - Level 2.0 Spellcasting
 - Level 3.0 Hexes


You had 3 spell levels left.
You knew the following spells:

 Your Spells              Type           Power        Failure   Level  Hunger
a - Corona                Hex            #......      8%          1    ##.....
b - Portal Projectile     Hex/Tloc       #.....       38%         3    ####...
e - Slow                  Hex            #.......     11%         2    ###....


Dungeon Overview and Level Annotations

Branches:
Dungeon (2/15)

Altars:
Gozag
Okawaru
Sif Muna
Uskayaw


Innate Abilities, Weirdness & Mutations

You are too large for most types of armour.
((You have tough skin. (AC +1)))
You are agile. (Dex +2)
You are dopey. (Int -2)
You do not regenerate when monsters are visible.


Message History

You feel sick.
Crazy Yiuf hits you with a quarterstaff of chaos!
You are electrocuted!
Unknown command.
Unknown command.
You closely miss Crazy Yiuf.
Crazy Yiuf is moderately wounded.
You feel sick.
Unknown command.
You hit Crazy Yiuf.
Crazy Yiuf looks even sicker.
Crazy Yiuf is heavily wounded.
You feel sick. Crazy Yiuf closely misses you.
Unknown command.
You closely miss Crazy Yiuf.
Crazy Yiuf is heavily wounded.
You feel sick.
Crazy Yiuf hits you with a quarterstaff of chaos!
You are more poisoned.
Unknown command.
You feel sick.
You feel sick.
You feel very sick.
Crazy Yiuf twirls on the spot.
You feel sick.
You feel sick.
You feel sick.
You completely miss Crazy Yiuf.
Crazy Yiuf is severely wounded.
You feel sick.
Crazy Yiuf hits you with a quarterstaff of chaos!
* * * LOW HITPOINT WARNING * * *
* * * LOW HITPOINT WARNING * * *
You feel sick.
You see here a mace.
* * * LOW HITPOINT WARNING * * *
You feel sick.
* * * LOW HITPOINT WARNING * * *
You feel sick.
Crazy Yiuf opens the door.
* * * LOW HITPOINT WARNING * * *
You feel sick.
Crazy Yiuf says, "I'm not crazy!"
* * * LOW HITPOINT WARNING * * *
You feel sick.
You are feeling hungry.
* * * LOW HITPOINT WARNING * * *
You feel sick.
* * * LOW HITPOINT WARNING * * *
You feel sick.
* * * LOW HITPOINT WARNING * * *
You feel sick.
Really quaff
h - 3 glowing silvery potions {!q}?
It was a potion of agility {!q}.
You feel agile all of a sudden.
* * * LOW HITPOINT WARNING * * *
You feel sick.
Really quaff
k - an inky potion {!q}?
It was a potion of lignification {!q}.
You turn into a tree.
Your roots penetrate the ground.
You kill Crazy Yiuf!
Okawaru accepts your kill.
Really quaff
p - 2 potions of mutation {!q}?
You feel extremely strange.
Your regeneration stops near monsters.
You feel stupid.
You feel agile.
You die...

#......##.#.##
#.........#.#.
#.........#.#.
###....)..#...
#.......#### ##.##.)......
##...##..#####
##########.....##......
#.....♣.#.......#......
#..........._..........
#....).##.......#......
###......###.....##......
##.[......#)##...###......
#......)..'..##.##.#......
#+..'###..#...#.##.#######
#..).# #..#...'..#.#
#PPP.# ##.#...####.#


There were no monsters in sight!

Vanquished Creatures
  Sigmund (D:2)
  A howler monkey (D:2)
  Crazy Yiuf (D:2)
  Jessica (D:2)
  Natasha (thrice) (D:2)
  2 adders (D:2)
  An ooze (D:1)
  2 worms (D:2)
  A dart slug (D:1)
  2 leopard geckos (D:1)
  7 bats
  A giant cockroach (D:2)
  5 hobgoblins
  9 jackals
  4 kobolds
  A ball python (D:1)
  A frilled lizard (D:1)
  5 goblins
  6 rats
  A fungus (D:2)
55 creatures vanquished.

Notes
Turn   | Place    | Note
-------+----------+-------------------------------------------
     0 | D:1      | Amnesiac the Ogre Arcane Marksman began the quest for the Orb.
     0 | D:1      | Reached XP level 1. HP: 19/19 MP: 2/2
   204 | D:1      | Reached XP level 2. HP: 25/28 MP: 4/4
   210 | D:1      | Learned a level 2 spell: Slow
   489 | D:1      | Reached XP level 3. HP: 34/35 MP: 5/5
   657 | D:1      | Found an iron altar of Okawaru.
   665 | D:1      | Became a worshipper of Warmaster Okawaru
  1224 | D:2      | Found a deep blue altar of Sif Muna.
  1272 | D:2      | Learned a level 3 spell: Portal Projectile
  1313 | D:2      | Reached skill level 3 in Throwing
  1327 | D:2      | Found an opulent altar of Gozag.
  1349 | D:2      | Reached XP level 4. HP: 38/44 MP: 7/7
  1574 | D:2      | Noticed Natasha
  1582 | D:2      | Killed Natasha
  1582 | D:2      | Reached skill level 4 in Throwing
  1582 | D:2      | Reached XP level 5. HP: 17/53 MP: 8/8
  1788 | D:2      | Found a hide-covered altar of Uskayaw.
  1861 | D:2      | Noticed Natasha
  1876 | D:2      | Noticed Jessica
  1878 | D:2      | Killed Natasha
  1883 | D:2      | Killed Jessica
  2079 | D:2      | Noticed Natasha
  2086 | D:2      | Killed Natasha
  2086 | D:2      | Reached * piety under Okawaru
  2267 | D:2      | Noticed Sigmund
  2282 | D:2      | Killed Sigmund
  2282 | D:2      | Reached skill level 5 in Throwing
  2282 | D:2      | Reached XP level 6. HP: 29/63 MP: 7/9
  2569 | D:2      | Found a runed door.
  2573 | D:2      | Noticed Crazy Yiuf
  2592 | D:2      | HP: 3/65 [poisoned by Crazy Yiuf]
  2595 | D:2      | HP: 1/65 [poisoned by Crazy Yiuf]
  2596 | D:2      | Killed Crazy Yiuf
  2597 | D:2      | Gained mutation: You do not regenerate when monsters are visible. [potion of mutation]
  2597 | D:2      | Gained mutation: You are dopey. (Int -2) [potion of mutation]
  2597 | D:2      | Gained mutation: You are agile. (Dex +2) [potion of mutation]
  2597 | D:2      | Succumbed to Crazy Yiuf's poison

Vault maps used:
D:1:      arrival_zaba_pyramid, okawaru_ov_weapons_minmay
D:2:      lemuel_round_altar, lemuel_crystal_altar, lemuel_doored_altar,
          uniq_natasha, uniq_sigmund, uniq_jessica, uniq_crazy_yiuf_cottage

Skill      XL: |  1  2  3  4  5 |
---------------+----------------+-----
Fighting       | 2 3 4 |  4.9
Hexes          | 3 |  3.0
Spellcasting   | 2 |  2.0
Throwing       | 3 4 5 |  5.5
Dodging        | |  1.7

Action                   |  1- 3 |  4- 6 || total
-------------------------+-------+-------++-------
Melee: Unarmed           |    13 |       ||    13
       Dagger            |    62 |    94 ||   156
Throw: Large rock        |     4 |     8 ||    12
       Stone             |    43 |    51 ||    94
       Throwing net      |       |     4 ||     4
 Cast: Corona            |     2 |     2 ||     4
  Use: Scroll            |       |     5 ||     5
       Potion            |       |     3 ||     3
  Eat: Chunk             |     1 |     4 ||     5
Armor: Robe              |    20 |    15 ||    35
Dodge: Dodged            |    51 |    48 ||    99

Table legend:
 A = Spawn XP
 B = Non-spawn XP
 C = Spawn XP percentage of total XP
 D = Spawn monster count
 E = Non-spawn monster count
 F = Spawn count percentage of total count
 G = Total turns spent on level
                    A         B        C        D         E        F      G
               +---------+---------+-------+---------+---------+-------+---------
         Total |       0 |     564 |   0.0 |       0 |      54 |   0.0 |  2597
               +---------+---------+-------+---------+---------+-------+---------
           D:1 |       0 |      50 |   0.0 |       0 |      26 |   0.0 |  1224
           D:2 |       0 |     514 |   0.0 |       0 |      28 |   0.0 |  1373
               +---------+---------+-------+---------+---------+-------+---------
